 Dungeon Crawl Stone Soup version 0.23-a0-729-g94ec0301e6 (webtiles) character file.

156 Adamkad1 the Skirmisher (level 5, -1/33 HPs)
             Began as a Gargoyle Fighter on Jan 17, 2019.
             Was an Initiate of Elyvilon.
             Killed by divine providence
             ... invoked by an orc priest
              (7 damage)
             ... on level 4 of the Dungeon.
             The game lasted 00:02:37 (2076 turns).

Adamkad1 the Skirmisher (Gargoyle Fighter)          Turns: 2076, Time: 00:02:37

Health: -1/33      AC: 11    Str: 21    XL:     5   Next: 37%
Magic:  5/5        EV:  8    Int:  8    God:    Elyvilon [......]
Gold:   73         SH:  9    Dex:  9    Spells: 4/4 levels left

rFire    . . .     SeeInvis .   a - +0 flail
rCold    . . .     Gourm    .   c - +0 shield
rNeg     + . .     Faith    .   b - +0 scale mail
rPois    ∞         Spirit   .   (no helmet)
rElec    +         Reflect  .   (no cloak)
rCorr    .         Harm     .   (no gloves)
MR       .....                  (no boots)
Stlth    ..........             (no amulet)
HPRegen  0.11/turn              (no ring)
MPRegen  0.09/turn              (no ring)

@: no status effects
A: negative energy resistance 1, electricity resistance, unbreathing,
petrification resistance, rot immunity, AC +4
a: Renounce Religion


You were on level 4 of the Dungeon.
You worshipped Elyvilon.
Elyvilon was noncommittal.
You were not hungry.

You visited 1 branch of the dungeon, and saw 4 of its levels.

You collected 73 gold pieces.

Inventory:

Hand Weapons
 a - a +0 flail (weapon)
Armour
 b - a +0 scale mail (worn)
 c - a +0 shield (worn)
Wands
 t - a wand of acid (5)
Scrolls
 i - 6 scrolls of identify {unknown}
 k - a scroll of fear {unknown}
 l - a scroll of magic mapping {unknown}
 m - 3 scrolls of remove curse {unknown}
 o - 3 scrolls of enchant weapon {unknown}
 q - 4 scrolls of immolation {unknown}
 r - a scroll of enchant armour {unknown}
 s - a scroll of teleportation {unknown}
Potions
 d - a potion of might
 e - 3 potions of berserk rage {unknown}
 h - a potion of curing {unknown}
 j - a potion of heal wounds {unknown}
 n - a potion of flight {unknown}
 p - a potion of cancellation {unknown}
Comestibles
 f - 5 rations
 g - a chunk of flesh


   Skills:
 * Level 4.1 Fighting
 * Level 2.9 Maces & Flails
 * Level 4.1 Armour
 * Level 1.5 Dodging
 * Level 4.0 Shields


You had 4 spell levels left.
You didn't know any spells.
Your spell library contained the following spells:

 Spells                   Type           Power        Failure   Level  Hunger
 Sandblast                Erth           #.....       99%         1    ##.....
 Passwall                 Tmut/Erth      #.......     100%        2    ###....
 Stone Arrow              Conj/Erth      #.....       100%        3    ####...
 Petrify                  Tmut/Erth      #.......     100%        4    #####..
 Lee's Rapid Deconstruct  Erth           #.........   100%        5    ######.


Dungeon Overview and Level Annotations

Branches:
Dungeon (4/15)
 Temple: D:4-7

Altars:
Elyvilon

Annotations:
D:4 Grinder


Innate Abilities, Weirdness & Mutations

You are resistant to torment.
Your stone body is resilient. (AC +4)
You are immune to poison.
You resist negative energy. (rN+)
You are resistant to electric shocks. (rElec)
You can survive without breathing.
You are immune to petrification.
You are immune to rotting.


Message History

Grinder gestures at you. Pain shoots through your body!
The hound skeleton bites you but does no damage.
Grinder blinks!
The hound skeleton bites you but does no damage.
The hound skeleton barely misses you. The orc hits you but does no damage.
The hound skeleton bites you. The orc hits you but does no damage.
The hound skeleton bites you.
The orc wizard casts a spell.
The orc wizard flickers and vanishes!
Deactivating autopickup; reactivate with Ctrl-A.
You can move again.
The orc priest calls down the wrath of Beogh upon you.
Pain shoots through your body!
* * * LOW HITPOINT WARNING * * *
Grinder says, "You look like you could use a good racking."
Grinder blinks!
The orc priest mumbles some strange prayers to Beogh against you.
Beogh smites you!
You die...

###...# #.. #...#.##
.. #.###..## ..
####.# ##..# .
##..<.# ##.#
#.#..#### #.### #.#.#
#...# #...#
#########.####
##.@###............#
#..o.Z..........#.(
#...###o..........##.
#.## ##..............
#. #...o........### .
#...#..........# .
....###o..........#
## #.##
#............. #
###.#.#######.


You could see 2 orc priests, an orc and a hound skeleton.

Vanquished Creatures
  A worker ant (D:4)
  7 adders
  3 worms (D:2)
  3 dart slugs
  3 leopard geckos
  2 orcs (D:3)
  6 bats
  A giant cockroach (D:3)
  5 goblins
  5 hobgoblins
  4 jackals
  2 quokkas (D:3)
  A ball python (D:2)
  4 frilled lizards
  5 kobolds
  4 rats
56 creatures vanquished.

Notes
Turn   | Place    | Note
-------+----------+-------------------------------------------
     0 | D:1      | Adamkad1 the Gargoyle Fighter began the quest for the Orb.
     0 | D:1      | Reached XP level 1. HP: 14/14 MP: 1/1
    37 | D:1      | Reached XP level 2. HP: 16/19 MP: 2/2
   548 | D:2      | Reached XP level 3. HP: 16/23 MP: 3/3
   670 | D:2      | Reached skill level 1 in Dodging
   830 | D:2      | Reached XP level 4. HP: 17/29 MP: 4/4
  1491 | D:3      | Found a white marble altar of Elyvilon.
  1721 | D:3      | Became a worshipper of Elyvilon the Healer
  1808 | D:3      | Reached XP level 5. HP: 33/33 MP: 5/5
  2058 | D:4      | Noticed Grinder
  2060 | D:4      | Paralysed by Grinder for 7 turns
  2076 | D:4      | Killed from afar by an orc priest

Vault maps used:
D:1:      psy_arrival_terrarium
D:2:      hangedman_decor_lopped
D:3:      first_ration, elyvilon_altar_4
D:4:      marbit_many_paths, dk_rats_in_the_wall, uniq_crazy_yiuf_cottage,
          uniq_grinder

Skill      XL: |  1  2  3  4  5 |
---------------+----------------+-----
Dodging        | 1 |  1.5
Fighting       | 4 |  4.1
Armour         | 4 |  4.1
Shields        | 4 |  4.0
Maces & Flails | |  2.9

Action                   |  1- 3 |  4- 6 || total
-------------------------+-------+-------++-------
Melee: Flail             |   113 |   119 ||   232
  Eat: Chunk             |       |     4 ||     4
Armor: Scale mail        |    65 |    68 ||   133
Dodge: Dodged            |    40 |    49 ||    89
Block: Shield            |    59 |    56 ||   115

Table legend:
 A = Non-vault XP
 B = Vault XP
 C = Vault XP percentage of total XP
 D = Non-vault monster count
 E = Vault monster count
 F = Vault count percentage of total count
                 A         B        C        D         E       F
            +---------+---------+-------+---------+---------+-------
      Total |     223 |       0 |   0.0 |      56 |       0 |   0.0
            +---------+---------+-------+---------+---------+-------
        D:1 |      25 |       0 |   0.0 |      13 |       0 |   0.0
        D:2 |      77 |       0 |   0.0 |      18 |       0 |   0.0
        D:3 |      88 |       0 |   0.0 |      24 |       0 |   0.0
        D:4 |      33 |       0 |   0.0 |       1 |       0 |   0.0
            +---------+---------+-------+---------+---------+-------
